 Dungeon Crawl Stone Soup version 0.18.1-5-g4a78601 (webtiles) character file.

338 PossumBlood the Slasher (level 6, 0/46 HPs)
             Began as a Vampire Fighter on May 10, 2016.
             Was an Initiate of Okawaru.
             Succumbed to a worker ant's poison
             ... on level 4 of the Dungeon.
             The game lasted 00:09:08 (3592 turns).

PossumBlood the Slasher (Vampire Fighter)           Turns: 3592, Time: 00:09:08

Health: 0/46       AC:  7    Str: 17    XL:     6   Next: 29%
Magic:  6/6        EV:  6    Int: 11    God:    Okawaru [......]
Gold:   78         SH:  8    Dex: 13    Spells: 0 memorised, 5 levels left

rFire  . . .     SeeInvis +     a - +0 long sword
rCold  + . .     Gourm    .     b - +0 scale mail
rNeg   + + .     Faith    .     c - +0 shield
rPois  +         Spirit   .     (no helmet)
rElec  .         Dismiss  .     (no cloak)
rCorr  .         Reflect  .     (no gloves)
SustAt .         Harm     .     q - +0 pair of boots
MR     .....                    (no amulet)
Stlth  ..........               (no ring)
                                (no ring)

@: lethally poisoned (0 -> -6), regenerating slowly, not resistant to hostile
enchantments, extremely unstealthy
A: fangs 3, see invisible, unbreathing
a: Bat Form, Renounce Religion


You were on level 4 of the Dungeon.
You worshipped Okawaru.
Okawaru was noncommittal.
You were thirsty.

You visited 1 branch of the dungeon, and saw 4 of its levels.

You collected 78 gold pieces.

Inventory:

Hand Weapons
 a - a +0 long sword (weapon)
 s - a +1 falchion of holy wrath
Armour
 b - a +0 scale mail (worn)
 c - a +0 shield (worn)
 q - a +0 pair of boots (worn)
Wands
 j - a wand of iceblast (7/15)
Scrolls
 f - a scroll of remove curse
 i - 2 scrolls of identify
 m - a scroll of immolation
 p - 2 scrolls of teleportation
Potions
 d - a potion of might
 e - 17 potions of blood
 g - a potion of lignification
 h - a potion of agility
 n - 2 potions of haste
 o - 2 potions of curing
 t - a potion of flight {unknown}
Books
 l - a book of Enchantments

   Spells                             Type                      Level
   a - Cause Fear                     Hexes                        4
   b - Yara's Violent Unravelling     Hexes/Transmutation          5
   c - Silence                        Hexes/Air                    5
   d - Deflect Missiles               Charms/Air                   6
   e - Haste                          Charms                       6
   f - Discord                        Hexes                        8


   Skills:
 - Level 2.6 Fighting
 * Level 6.7 Long Blades
 - Level 2.4 Armour
 - Level 2.6 Shields


You had 5 spell levels left.
You didn't know any spells.

Dungeon Overview and Level Annotations

Branches:
Dungeon (4/15)
 Temple: D:4-7

Altars:
Kikubaaqudgha
Nemelex Xobeh
Okawaru
Pakellas
Zin

Shops:
D:2 }   D:3 *


Innate Abilities, Weirdness & Mutations

You heal slowly.
You have razor-sharp teeth.
You have supernaturally acute eyesight.
You can survive without breathing.


Message History

The worker ant bites you.
* * * LOW HITPOINT WARNING * * *
You closely miss the worker ant.
The worker ant is severely wounded.
* * * LOW HITPOINT WARNING * * *
You feel sick. The orc closely misses you.
The worker ant bites you but does no damage.
You hit the worker ant but do no damage.
The worker ant is severely wounded.
The orc hits you but does no damage. The worker ant bites you.
* * * LOW HITPOINT WARNING * * *
Your shield and scale mail prevent you from hitting the worker ant.
The worker ant is severely wounded.
The worker ant bites you but does no damage.
The orc hits you but does no damage.
The worker ant bites you but does no damage.
You slash the worker ant!
You kill the worker ant!
Okawaru accepts your kill.
You die...

##### # .....
#. $... #.#
#.. #.###†#
#.?@.#
#####<#o#
#.###...#.#.#
.......<#.#..
..###...#.###.
..........# ##
..###.....#
##......
###..###


You could see an orc.

Vanquished Creatures
  A sky beast (D:3)
  2 orc priests (D:3)
  2 orc wizards (D:3)
  A worker ant (D:4)
  2 adders
  An ooze (D:1)
  A dart slug (D:2)
  5 giant geckos
  8 orcs (D:3)
  2 ball pythons (D:3)
  4 giant cockroaches
  11 goblins
  9 hobgoblins
  A jackal (D:3)
  7 kobolds
  A quokka (D:3)
  7 bats
  4 giant newts
  10 rats
79 creatures vanquished.

Notes
Turn   | Place    | Note
--------------------------------------------------------------
     0 | D:1      | PossumBlood the Vampire Fighter began the quest for the Orb.
     0 | D:1      | Reached XP level 1. HP: 17/17 MP: 1/1
   155 | D:1      | Reached XP level 2. HP: 23/23 MP: 2/2
   418 | D:1      | Reached skill level 3 in Long Blades
   827 | D:1      | Reached XP level 3. HP: 28/28 MP: 3/3
  1078 | D:2      | Found an ancient bone altar of Kikubaaqudgha.
  1303 | D:2      | Reached skill level 4 in Long Blades
  1396 | D:2      | Found an iron altar of Okawaru.
  1409 | D:2      | Became a worshipper of Warmaster Okawaru
  1460 | D:2      | Found an oddly glowing altar of Pakellas.
  1460 | D:2      | Found Pakellas's Prime Provisions.
  1640 | D:3      | Noticed a sky beast
  1643 | D:3      | Found a sparkling altar of Nemelex Xobeh.
  1650 | D:3      | Killed a sky beast
  1650 | D:3      | Reached skill level 5 in Long Blades
  1650 | D:3      | Reached XP level 4. HP: 5/34 MP: 4/4
  1650 | D:3      | Reached XP level 5. HP: 6/39 MP: 5/5
  2226 | D:3      | Reached skill level 6 in Long Blades
  2801 | D:3      | Reached XP level 6. HP: 46/46 MP: 6/6
  3047 | D:3      | Found Zin's Purification Station.
  3050 | D:3      | Found a glowing silver altar of Zin.
  3590 | D:4      | HP: 1/46 [worker ant (2)]
  3592 | D:4      | Succumbed to a worker ant's poison

Skill      XL: |  1  2  3  4  5 |
---------------+----------------+-----
Long Blades    | 3 5 6 |  6.7
Fighting       | |  2.6
Armour         | |  2.4
Shields        | |  2.6

Action                   |  1- 3 |  4- 6 || total
-------------------------+-------+-------++-------
Melee: Long sword        |   120 |   113 ||   233
       Bite              |    16 |     9 ||    25
  Use: Potion            |     2 |     7 ||     9
       Scroll            |       |    13 ||    13
Armor: Scale mail        |    56 |    59 ||   115
Dodge: Dodged            |    30 |    28 ||    58
Block: Shield            |    63 |    63 ||   126
